 Dungeon Crawl Stone Soup version 0.30-a0-989-g0d87f670db (webtiles) character file.

Game seed: 2627093644273726342

475 Newt the Chucker (level 6, 0/48 HPs)
             Began as a Demonspawn Gladiator on Apr 3, 2023.
             Killed from afar by an orc wizard (4 damage)
             ... with a puff of flame
             ... on level 5 of the Dungeon.
             The game lasted 00:05:43 (3739 turns).

Newt the Chucker (Demonspawn Gladiator)             Turns: 3739, Time: 00:05:43

Health: 0/48       AC:  6    Str: 16    XL:     6   Next: 84%
Magic:  6/6        EV: 12    Int: 10    God:
Gold:   278        SH:  0    Dex: 14    Spells: 5/5 levels left

rFire   . . .      SeeInvis .    a - +1 rapier
rCold   . . .      Faith    .    (no shield)
rNeg    . . .      Spirit   .    b - +0 leather armour
rPois   .          Reflect  .    c - +0 helmet
rElec   .          Rampage  .    (no cloak)
rCorr   .                        (no gloves)
Will    .....                    (no boots)
Stlth   +                        (no amulet)
HPRegen 0.28/turn                (no ring)
MPRegen 0.10/turn                (no ring)

@: attractive, flying
A: hooves 1, icy blue scales 1, demonic magic 1
a: no special abilities


You were on level 5 of the Dungeon.
You visited 1 branch of the dungeon, and saw 5 of its levels.

You collected 278 gold pieces.

Inventory:

Hand Weapons
 a - a +1 rapier (weapon)
Missiles
 d - a throwing net
 k - 22 stones (quivered)
Armour
 b - a +0 leather armour (worn)
 c - a +0 helmet (worn)
Scrolls
 e - a scroll of teleportation
 j - a scroll of amnesia
Potions
 g - 2 potions of magic
 i - 2 potions of might
 p - a potion of flight
 q - a potion of ambrosia


   Skills:
 - Level 4.0 Fighting
 - Level 4.0 Short Blades
 - Level 5.0 Throwing
 + Level 3.0 Dodging


You had 5 spell levels left.
You didn't know any spells.
Your spell library contained the following spells:

 Spells                   Type           Power      Damage    Failure   Level
 Cigotuvi's Dreadful Rot  Necr/Pois/Air  0%         N/A       56%         2
 Ensorcelled Hibernation  Hex/Ice        0%         N/A       56%         2
 Poisonous Vapours        Pois/Air       0%         N/A       56%         2
 Call Canine Familiar     Summ           0%         N/A       80%         3
 Mephitic Cloud           Conj/Pois/Air  0%         N/A       80%         3
 Portal Projectile        Hex/Tloc       0%         N/A       80%         3
 Spider Form              Tmut/Pois      0%         N/A       80%         3
 Anguish                  Hex/Necr       0%         N/A       99%         4
 Leda's Liquefaction      Hex/Erth       0%         N/A       99%         4


Dungeon Overview and Level Annotations

Branches:
Dungeon (5/15)
 Temple: D:4-7

Altars:
Fedhas
Nemelex Xobeh

Annotations:
D:3 exclusion: oklob plant


Innate Abilities, Weirdness & Mutations

You have large cloven feet.
You are partially covered in icy blue scales. (AC +2)
Spells you cast may paralyse adjacent enemies.


Message History

You hear some strange, mumbled words.
A puff of flame appears from out of thin air!
The puff of flame hits you.
* * * LOW HITPOINT WARNING * * *
Something hits you but does no damage.
Things that are here:
a +0 club; a +0 flail; a gnoll corpse
Things that are here:
a +0 flail; a gnoll corpse Something hits you.
* * * LOW HITPOINT WARNING * * *
Something hits you.
* * * LOW HITPOINT WARNING * * *
It was a potion of flight.
You feel very buoyant.
You fly up into the air.
Something hits you.
* * * LOW HITPOINT WARNING * * *
It was a potion of attraction.
You feel attractive to monsters.
You hear some strange, mumbled words.
You are confused.
Unknown command.
You puncture something! Your kick misses something.
Something hits you but does no damage.
You miss something. Your kick misses something.
Something hits you but does no damage.
You bump into the rock wall.
Something hits you but does no damage. Something is attracted toward you.
You feel less confused. Something hits you but does no damage.
Something completely misses you.
You start resting.
Something hits you.
* * * LOW HITPOINT WARNING * * *
You start resting.
Something barely misses you.
You start resting.
Something hits you but does no damage. Something hits you but does no damage.
You hear some strange, mumbled words.
A puff of flame appears from out of thin air!
The puff of flame hits you.
You die...

##)##....# #..
#))##....# .#
#####.########
.# ##.....# #.
#..##### #.
#...##
#.####.{#####
#...........#
#......@.##....
#..............
#........#.....
#........#.....
#.###.########.
####.###.##.....
................
.......<........
...).....##.....


There were no monsters in sight!

Vanquished Creatures
  Sigmund (D:3)
  A black bear (D:5)
  A jelly (D:3)
  An iguana (D:5)
  5 gnolls
  4 adders
  An ufetubus (D:5)
  2 dart slugs
  3 orcs
  8 ball pythons
  4 endoplasms
  3 giant cockroaches
  5 goblins
  7 hobgoblins
  8 jackals
  4 quokkas
  3 bats
  3 frilled lizards
  9 kobolds
  2 rats
75 creatures vanquished.

Notes
Turn   | Place    | Note
-------+----------+-------------------------------------------
     0 | D:1      | Newt the Demonspawn Gladiator began the quest for the Orb.
     0 | D:1      | Reached XP level 1. HP: 16/16 MP: 1/1
   188 | D:1      | Gained mutation: Spells you cast may paralyse adjacent
                  | enemies. [demonic ancestry]
   188 | D:1      | Reached XP level 2. HP: 18/23 MP: 2/2
   481 | D:1      | Reached XP level 3. HP: 15/29 MP: 3/3
  1276 | D:2      | Reached skill level 2 in Throwing
  1695 | D:2      | Gained mutation: You are partially covered in icy blue
                  | scales. (AC +2) [demonic ancestry]
  1695 | D:2      | Reached XP level 4. HP: 37/37 MP: 4/4
  1858 | D:2      | Found a sparkling altar of Nemelex Xobeh.
  2299 | D:3      | Reached skill level 3 in Throwing
  2630 | D:3      | Noticed Sigmund
  2856 | D:3      | Killed Sigmund
  2857 | D:3      | Reached skill level 4 in Throwing
  2857 | D:3      | Reached XP level 5. HP: 30/42 MP: 5/5
  2857 | D:3      | Gained mutation: You have large cloven feet. [demonic
                  | ancestry]
  2857 | D:3      | Reached XP level 6. HP: 35/48 MP: 6/6
  3234 | D:3      | Found a blossoming altar of Fedhas.
  3262 | D:3      | Noticed an oklob plant
  3335 | D:4      | Reached skill level 5 in Throwing
  3371 | D:5      | Entered Level 5 of the Dungeon
  3739 | D:5      | Killed from afar by an orc wizard

Illustrated notes

Levels and vault maps discovered:
D:1:      dpeg_arrival_orchard, layout_loops_cross
D:2:      layout_basic, basic_altar
D:3:      layout_basic, tgw_fedhas, uniq_sigmund
D:4:      layout_cave_pods, mainiacjoe_overflow_chevrons,
          minmay_temple_entry_from_below_b, serial_shops, shop, serial_bayou,
          serial_bayou_ford_a, serial_bayou_shore_b, serial_bayou_lagoon_a,
          serial_bayou_shore_b
D:5:      layout_rooms, old_standard_altar, nicolae_overflow_crystal_walls,
          kb_lookout_dungeons_type

Skill      XL: |  1  2  3  4  5  6 |
---------------+-------------------+-----
Fighting       | 3 4 |  4.0
Throwing       | 2 4 5 |  5.0
Short Blades   | 4 |  4.0
Dodging        | 3 |  3.0

Action                     |  1- 3 |  4- 6 || total
---------------------------+-------+-------++-------
  Melee: Rapier            |   141 |   150 ||   291
         Punch             |     1 |       ||     1
         Kick              |       |    29 ||    29
  Throw: Javelin           |     3 |     3 ||     6
         Throwing net      |     3 |     2 ||     5
         Stone             |       |     5 ||     5
         Dart              |       |     4 ||     4
    Use: Scroll            |     5 |     9 ||    14
         Potion            |       |     4 ||     4
 Armour: Leather armour    |    52 |    66 ||   118
  Dodge: Dodged            |   101 |    93 ||   194

Table legend: (Time is in decaauts)
 A = Elapsed time spent in this place.
 B = Non-inter-level travel time spent in this place.
 C = Inter-level travel time spent in this place.
 D = Time resting spent in this place.
 E = Time spent auto-exploring this place.
 F = Levels seen in this place.
 G = Mean time per level.
                   A        B        C        D        E       F      G
               +--------+--------+--------+--------+--------+-----+--------+
         Total |   3756 |   3675 |     81 |   1207 |   1825 |   5 |  751.2 |
       Dungeon |   3756 |   3675 |     81 |   1207 |   1825 |   5 |  751.2 |
               +--------+--------+--------+--------+--------+-----+--------+

Top non-repeatable levels by time:
     D:2: 1456 daAuts
     D:1: 1045 daAuts
     D:3: 821 daAuts
     D:5: 367 daAuts
     D:4: 66 daAuts
